 Dungeon Sprint DCSS version 0.31-a0-1009-g454b1f1e0a (webtiles) character file.

Game seed: 15807198765997945758

21 BinkBink the Trooper (level 2, -5/29 HPs)
             Began as a Minotaur Fighter on Nov 15, 2023.
             Drowned by a water elemental (11 damage)
             ... in the Dungeon (Sprint III: "The Ten Rune Challenge").
             The game lasted 00:00:29 (213 turns).

BinkBink the Trooper (Minotaur Fighter)              Turns: 213, Time: 00:00:30

Health: -5/29      AC:  7    Str: 20    XL:     2   Next: 65%
Magic:  1/1        EV:  9    Int:  5    God:
Gold:   20         SH:  4    Dex:  9    Spells: 1/1 levels left

rFire   . . .        a - +0 war axe
rCold   . . .        c - +0 buckler
rNeg    . . .        b - +0 scale mail
rPois   .            (helmet restricted)
rElec   .            (no cloak)
rCorr   .            (no gloves)
SInv    .            (no boots)
Will    .....        (no amulet) Stlth
                     (no ring)
HPRegen 0.24/turn    (no ring)
MPRegen 0.07/turn

%: no teleportation
@: mighty, engulfed (cannot breathe)
A: horns 2, retaliatory headbutt
a: no special abilities


You were in the Dungeon.
You visited 1 branch You collected 20 gold pieces.

Inventory:

Hand Weapons
 a - a +0 war axe (weapon)
Armour
 b - a +0 scale mail (worn)
 c - a +0 buckler (worn)
Scrolls
 j - a scroll of blinking
Potions
 e - a potion of curing
 f - a potion of heal wounds
 g - a potion of haste
 h - 2 potions of magic
 i - a potion of berserk rage


   Skills:
 + Level 5.0 Fighting
 + Level 3.9 Axes
 + Level 4.7 Armour
 + Level 0.2 Dodging
 + Level 4.8 Shields


You had one spell level left.
You didn't know any spells.
Your spell library was empty.

Dungeon Overview and Level Annotations

Branches:
Dungeon (1/1)

Altars:


Innate Abilities, Weirdness & Mutations

You have a pair of horns on your head.
You reflexively headbutt those who attack you in melee.


Message History

You block the human's attack.
You barely miss the human.
The human is severely wounded.
The human hits you. x2
You slash the human!
The human is almost dead.
The human hits you.
* * * LOW HITPOINT WARNING * * *
You hit the human.
You kill the human!
Your Fighting skill increases to level 5!
Your Axes skill increases to level 3!
You have reached level 2!
You start resting.
HP restored.
You open the door.
A water elemental comes into view.
You feel very mighty all of a sudden.
You slash the water elemental!
The water elemental is moderately damaged.
The water elemental barely misses you. The water elemental hits you.
The water elemental engulfs you in water!
You hit the water elemental.
The water elemental is moderately damaged.
Your lungs strain for air!
The water elemental closely misses you. You furiously retaliate!
You headbutt the water elemental. You barely miss the water elemental.
The water elemental is heavily damaged.
Your lungs strain for air!
The water elemental hits you.
You closely miss the water elemental.
The water elemental is heavily damaged.
* * * LOW HITPOINT WARNING * * *
Your lungs strain for air!
The water elemental barely misses you. You furiously retaliate!
You headbutt the water elemental. The water elemental barely misses you.
You slash the water elemental!
The water elemental is almost destroyed.
You die...

▓▓▓ ▓▓▓ <.# ♣.# ..# ♣.#
#'#### ... ♣♣.# .....#
...~.♣♣♣..#
.....#...~~.♣.♣.@#
.....#..~~~~.....E.⌠....
####'#..~≈≈~~~♣..#...###
...†.#.~~≈~~~....#.⌠.#
.....#.~≈~~~.....# ..#
.....#.~~~.......# ###
'#####...........#
.................#
▓▓▓▓▓▓▓▓▓▓▓▓▓▓▓▓▓▓


You could see a water elemental.

Vanquished Creatures
  A human (D)
  An endoplasm (D)
  3 rats (D)
5 creatures vanquished.

Notes
Turn   | Place    | Note
-------+----------+-------------------------------------------
     0 | D        | BinkBink the Minotaur Fighter began the quest for the Orb.
     0 | D        | Reached XP level 1. HP: 19/19 MP: 0/0
    10 | D        | Reached skill level 4 in Fighting
   105 | D        | Reached skill level 5 in Fighting
   105 | D        | Reached XP level 2. HP: 8/29 MP: 1/1
   207 | D        | Noticed a water elemental
   213 | D        | Drowned by a water elemental

Illustrated notes

Levels and vault maps discovered:
D:        dungeon_sprint_mu [sprint_mu_entry_forest, sprint_mu_temple_rooms,
          sprint_mu_d1_horrors, sprint_mu_d2_genie, sprint_mu_d3_branching,
          sprint_mu_orc_legion, sprint_mu_elf_gauntlet, sprint_mu_hive_nellie,
          sprint_mu_lair_fedhas, sprint_mu_vaults_butterflies,
          sprint_mu_slime_circle, sprint_mu_swamp_cave, sprint_mu_snake_twists,
          sprint_mu_blade_basic, sprint_mu_crypt_chambers,
          sprint_mu_tomb_spiral, sprint_mu_vestibule_basic,
          sprint_mu_gehenna_hellfire, sprint_mu_dis_giant,
          sprint_mu_tartarus_statrot, sprint_mu_cocytus_islands, sprint_mu_zot1]

Skill      XL: |  1 |
---------------+----+-----
Fighting       | 5 |  5.0
Armour         | 4 |  4.7
Shields        | 4 |  4.8
Axes           | 3 |  3.9
Dodging        | |  0.2

Action                     || total
---------------------------++-------
  Melee: War axe           ||    22
         Headbutt          ||     1
    Use: Potion            ||     1
 Armour: Scale mail        ||    11
  Dodge: Dodged            ||    10
  Block: Buckler           ||     7

Table legend: (Time is in decaauts)
 A = Elapsed time spent in this place.
 B = Non-inter-level travel time spent in this place.
 C = Inter-level travel time spent in this place.
 D = Time resting spent in this place.
 E = Time spent auto-exploring this place.
 F = Levels seen in this place.
 G = Mean time per level.
                   A        B        C        D        E       F      G
               +--------+--------+--------+--------+--------+-----+--------+
         Total |    220 |    220 |      0 |    136 |      1 |   1 |  220.0 |
       Dungeon |    220 |    220 |      0 |    136 |      1 |   1 |  220.0 |
               +--------+--------+--------+--------+--------+-----+--------+

Top non-repeatable levels by time:
       D: 220 daAuts
